 Dungeon Crawl Stone Soup version 0.21.0-22-g11d5b52 (webtiles) character file.

88 Gorglomux the Sneak (level 4, 0/34 HPs)
             Began as a Merfolk Skald on Jan 18, 2018.
             Killed by divine providence
             ... invoked by an orc priest
              (14 damage)
             ... on level 3 of the Dungeon.
             The game lasted 00:03:03 (2383 turns).

Gorglomux the Sneak (Merfolk Skald)                 Turns: 2383, Time: 00:03:04

Health: 0/34       AC:  4    Str: 12    XL:     4   Next: 53%
Magic:  7/7        EV: 13    Int: 12    God:
Gold:   102        SH:  0    Dex: 13    Spells: 4/7 levels left

rFire    . . .     SeeInvis .   b - +2 dagger (venom)
rCold    . . .     Gourm    .   (no shield)
rNeg     . . .     Faith    .   p - +0 leather armour
rPois    .         Spirit   .   i - +0 helmet
rElec    .         Reflect  .   (no cloak)
rCorr    .         Harm     .   (no gloves)
MR       .....                  (no boots)
Stlth    ++........             (no amulet)
HPRegen  0.11/turn              (no ring)
MPRegen  0.10/turn              (no ring)

@: no status effects
A: change form in water, swift swim, stealthy swim
a: no special abilities


You were on level 3 of the Dungeon.
You were not hungry.

You visited 1 branch of the dungeon, and saw 3 of its levels.

You collected 102 gold pieces.

Inventory:

Hand Weapons
 a - a +0 spear
 b - a +2 dagger of venom (weapon)
Armour
 i - a +0 helmet (worn)
 j - a +0 buckler
 p - a +0 leather armour (worn)
Scrolls
 e - a scroll of enchant armour {unknown}
 g - a scroll of immolation {unknown}
 h - a scroll of fog {unknown}
 l - a scroll of teleportation {unknown}
 m - a scroll of remove curse {unknown}
 o - a scroll of identify {unknown}
Books
 c - a book of Battle

   Spells                             Type                      Level
   a - Infusion                       Charms                       1
   b - Shroud of Golubria             Charms/Translocation         2
   c - Song of Slaying                Charms                       2
   d - Spectral Weapon                Hexes/Charms                 3
   e - Regeneration                   Charms/Necromancy            3
Comestibles
 d - 3 rations


   Skills:
 + Level 2.6 Fighting
 + Level 3.6 Polearms
 - Level 0.6 Armour
 + Level 3.2 Dodging
 - Level 3.8 Stealth
 - Level 2.0 Spellcasting
 - Level 3.2 Charms


You had 4 spell levels left.
You knew the following spells:

 Your Spells              Type           Power        Failure   Level  Hunger
a - Infusion              Chrm           #...         9%          1    ##.....
h - Shroud of Golubria    Chrm/Tloc      #.........   26%         2    ###....


Dungeon Overview and Level Annotations

Branches:
Dungeon (3/15)

Altars:


Message History

The bat closely misses you! The bat completely butts you!
The bat butt-ly misses butt!
The bat hits you but does no damage! The bat closely misses you!
The bat misses you!
You barely miss the butt! The bat misses you! x2
The bat completely misses you!
You perforate the bat like a sieve!
The bat is poisoned!
The bat is severely wounded!
You annihilate the bat!!!
The orc butt invokes the aid of Beogh against you!
Beogh smites you!!!
The orc priest calls down the wrath of Beogh upon you!
Beogh smites you!!!
The orc priest looks encouraged for a moment!
You can't go up butt!!!
There is a stone butt leading up here!
The orc priest invokes the aid of Beogh against you!
Beogh smites butt!!! rip

.# .# . ###.##.#
#>...... #...g...
#.#.##.# #)#.....
###########.####..
#@..o...o...).#...
###########.#.....
#.###... #.o.o...
####..#. #......
#>###.. #...'..
#####..


You could see an orc priest and an orc.

Vanquished Creatures
  2 adders
  An ooze (D:2)
  2 leopard geckos
  An orc (D:3)
  2 ball pythons (D:1)
  2 giant cockroaches (D:1)
  11 goblins
  12 hobgoblins
  6 bats
  3 frilled lizards
  7 kobolds
  A quokka skeleton (D:2)
  7 rats
57 creatures vanquished.

Notes
Turn   | Place    | Note
-------+----------+-------------------------------------------
     0 | D:1      | Gorglomux the Merfolk Skald began the quest for the Orb.
     0 | D:1      | Reached XP level 1. HP: 16/16 MP: 3/3
   107 | D:1      | Reached skill level 1 in Stealth
   271 | D:1      | Reached XP level 2. HP: 22/22 MP: 3/5
   796 | D:1      | Reached skill level 3 in Stealth
   796 | D:1      | Reached XP level 3. HP: 27/27 MP: 3/6
  1177 | D:2      | Learned a level 2 spell: Shroud of Golubria
  1690 | D:2      | Reached XP level 4. HP: 30/34 MP: 0/7
  1702 | D:2      | Reached skill level 3 in Dodging
  2383 | D:3      | Killed from afar by an orc priest

Skill      XL: |  1  2  3  4 |
---------------+-------------+-----
Stealth        | 1 3 |  3.8
Dodging        | 3 |  3.2
Fighting       | |  2.6
Polearms       | |  3.6
Armour         | |  0.6
Spellcasting   | |  2.0
Charms         | |  3.2

Action                   |  1- 3 |  4- 6 || total
-------------------------+-------+-------++-------
Melee: Spear             |   123 |    23 ||   146
       Dagger            |       |    30 ||    30
 Cast: Infusion          |    18 |       ||    18
       Shroud of Golubri |     2 |       ||     2
 Stab: Sleeping          |     3 |       ||     3
  Eat: Chunk             |     3 |     2 ||     5
Armor: Leather armour    |    15 |    12 ||    27
Dodge: Dodged            |    48 |    49 ||    97
